 Dungeon Sprint DCSS version 0.23.0-3-gf3c87f2 (console) character file.

Game seed: 17549602363154282241

8411 erker the Cleaver (level 11, 0/76 HPs)
             Began as a Gargoyle Fighter on Feb 20, 2019.
             Was the Champion of the Shining One.
             Slain by a death cob (2 damage)
             ... in the Dungeon (Sprint V: "Ziggurat Sprint").
             The game lasted 00:20:15 (1186 turns).

erker the Cleaver (Gargoyle Fighter)                Turns: 1186, Time: 00:20:16

Health: 0/76       AC: 24    Str: 33    XL:     11   Next: 30%
Magic:  14/18      EV:  6    Int: 10    God:    the Shining One [******]
Gold:   0          SH: 41    Dex:  9    Spells: 18/20 levels left

rFire    + . .     SeeInvis +   p - +5 broad axe (freeze)
rCold    . . .     Gourm    .   K - +18 shield of the Gong {rElec rN+ MR+ EV-5}
rNeg     + + +     Faith    .   U - +4 scale mail {rF+}
rPois    ∞         Spirit   .   X - +2 helmet {SInv}
rElec    +         Reflect  .   (no cloak)
rCorr    .         Harm     .   (no gloves)
MR       +....     NoTele   +   (no boots)
Stlth    +.........             (no amulet)
HPRegen  0.22/turn              E - ring "Xeuril Fie" {+Fly Str+2 Slay+2 Stlth+}
MPRegen  0.16/turn              Z - ring of Zin's Regard {Str+4 Slay+3}

@: mighty, divine shield, singing, slowed, glowing, very slow
A: negative energy resistance 1, electricity resistance, unbreathing,
petrification resistance, rot immunity, AC +8
a: Divine Shield, Cleansing Flame, Summon Divine Warrior, Brand Weapon With Holy
Wrath, Renounce Religion, Evoke Flight


You were in the Dungeon.
You worshipped the Shining One.
The Shining One was exalted by your worship.
You were not hungry.

You visited 1 branch

Inventory:

Hand Weapons
 p - a +5 broad axe of freezing (weapon)
 z - the +9 heavy crossbow "Sniper" {velocity, Acc+∞ SInv}
   (You found it in the Dungeon)

   Any bolt fired from it inflicts extra damage.
   It lets you see invisible.
 O - a +2 hand axe of flaming
Armour
 b - a +0 scale mail
 c - a +0 shield
 l - a +5 crystal plate armour
 m - +5 fire dragon scales
 n - a +3 large shield
 o - a +3 shield
 K - the +18 shield of the Gong (worn) {rElec rN+ MR+ EV-5}
   (You found it in the Dungeon)

   It affects your evasion (-5).
   It insulates you from electricity.
   It protects you from negative energy.
   It affects your resistance to hostile enchantments.
 L - the +15 Maxwell's patent armour {-Cast -Tele rElec MR+ rCorr}
   (You found it in the Dungeon)

   It insulates you from electricity.
   It affects your resistance to hostile enchantments.
   It prevents spellcasting.
   It prevents most forms of teleportation.
   It provides partial protection from all sources of acid and corrosion.
 U - a +4 scale mail of fire resistance (worn)
 X - a +2 helmet of see invisible (worn)
Magical Staves
 P - an uncursed staff of wizardry
Jewellery
 E - the ring "Xeuril Fie" (left hand) {+Fly Str+2 Slay+2 Stlth+}
   (You found it in the Dungeon)

   [ring of flight]

   It affects your strength (+2).
   It affects your accuracy and damage with ranged weapons and melee attacks
   (+2).
   It lets you fly.
   It makes you more stealthy.
 F - a +6 ring of intelligence
 N - the cursed ring "Tokidd" {rF+ rN+ Dex-5 SInv}
   (You found it in the Dungeon)

   [ring of dexterity]

   It affects your dexterity (-5).
   It protects you from fire.
   It protects you from negative energy.
   It lets you see invisible.
   It has a curse placed upon it.
 Z - the ring of Zin's Regard (right hand) {Str+4 Slay+3}
   (You found it in the Dungeon)

   [ring of strength]

   It affects your strength (+4).
   It affects your accuracy and damage with ranged weapons and melee attacks
   (+3).
Wands
 y - a wand of disintegration (7)
 B - a wand of iceblast (5)
 C - a wand of acid (7)
 J - a wand of flame (33)
 R - a wand of polymorph (8)
Scrolls
 a - 4 scrolls of amnesia
 k - 4 scrolls of blinking
 q - 7 scrolls of fog
 r - a scroll of holy word
 s - 5 scrolls of identify
 t - 4 scrolls of remove curse
 u - 2 scrolls of fear
 S - a scroll of brand weapon
Potions
 d - 6 potions of might
 e - 10 potions of curing
 g - 14 potions of heal wounds
 h - 6 potions of haste
 i - 7 potions of magic
 j - a potion of berserk rage
 v - 2 potions of brilliance
 w - 2 potions of invisibility
 x - 4 potions of resistance
 A - 5 potions of agility
 Q - a potion of degeneration {unknown}
Miscellaneous
 D - 2 boxes of beasts
 M - a phial of floods
 V - 2 phantom mirrors
Comestibles
 f - 8 rations
 W - 2 chunks of flesh


   Skills:
 + Level 11.8 Fighting
 * Level 14.8 Axes
 + Level 9.9 Armour
 + Level 2.7 Dodging
 + Level 12.7 Shields
 - Level 5.1 Spellcasting
 * Level 6.6 Charms
 * Level 9.1 Invocations


You had 18 spell levels left.
You knew the following spells:

 Your Spells              Type           Power        Failure   Level  Hunger
s - Song of Slaying       Chrm           ###.....     5%          2    ##.....

Your spell library contained the following spells:

 Spells                   Type           Power        Failure   Level  Hunger
 Infusion                 Chrm           ###.         3%          1    None
 Shroud of Golubria       Chrm/Tloc      #.........   21%         2    ##.....
 Regeneration             Chrm/Necr      #.........   38%         3    ###....
 Spectral Weapon          Hex/Chrm       #.......     38%         3    ###....
 Animate Skeleton         Necr           N/A          47%         1    None
 Apportation              Tloc           #.....       47%         1    None
 Confusing Touch          Hex            #.....       47%         1    None
 Flame Tongue             Conj/Fire      #....        47%         1    None
 Pain                     Necr           #...         47%         1    None
 Summon Small Mammal      Summ           #...         47%         1    None
 Blink                    Tloc           N/A          63%         2    ##.....
 Poisonous Vapours        Pois/Air       #.....       63%         2    ##.....
 Throw Flame              Conj/Fire      #.....       63%         2    ##.....
 Conjure Flame            Conj/Fire      #.......     85%         3    ###....
 Gell's Gravitas          Tloc           #.........   85%         3    ###....
 Ignite Poison            Fire/Tmut/Pois #.......     85%         3    ###....
 Inner Flame              Hex/Fire       #.......     85%         3    ###....
 Lesser Beckoning         Tloc           #.........   85%         3    ###....
 Mephitic Cloud           Conj/Pois/Air  #.......     85%         3    ###....
 Recall                   Summ/Tloc      N/A          85%         3    ###....
 Teleport Other           Tloc           #.......     85%         3    ###....
 Vampiric Draining        Necr           #.........   85%         3    ###....
 Iskenderun's Battlesphe  Conj/Chrm      #.......     98%         5    ######.
 Animate Dead             Necr           N/A          99%         4    ####...
 Force Lance              Conj/Tloc      #.......     99%         4    ####...
 Passage of Golubria      Tloc           N/A          99%         4    ####...
 Sticky Flame             Conj/Fire      #.......     99%         4    ####...
 Alistair's Intoxication  Tmut/Pois      #.......     100%        5    ######.
 Bolt of Magma            Conj/Fire/Erth #.........   100%        5    ######.
 Fireball                 Conj/Fire      #.........   100%        5    ######.
 Irradiate                Conj/Tmut      #.........   100%        5    ######.
 Venom Bolt               Conj/Pois      #.........   100%        5    ######.
 Bolt of Cold             Conj/Ice       #.........   100%        6    #######
 Freezing Cloud           Conj/Ice/Air   #.........   100%        6    #######
 Iron Shot                Conj/Erth      #.........   100%        6    #######
 Poison Arrow             Conj/Pois      #.........   100%        6    #######
 Malign Gateway           Summ/Tloc      #.........   100%        7    #######
 Monstrous Menagerie      Summ           #.........   100%        7    #######
 Orb of Destruction       Conj           #.........   100%        7    #######
 Ring of Flames           Chrm/Fire      #.........   100%        7    #######
 Spellforged Servitor     Conj/Summ      #.........   100%        7    #######
 Summon Greater Demon     Summ           #.........   100%        7    #######
 Chain Lightning          Conj/Air       #.........   100%        8    #######
 Lehudib's Crystal Spear  Conj/Erth      #.........   100%        8    #######
 Summon Horrible Things   Summ           #.........   100%        8    #######
 Fire Storm               Conj/Fire      #.........   100%        9    #######
 Glaciate                 Conj/Ice       #.........   100%        9    #######
 Tornado                  Air            #.........   100%        9    #######


Dungeon Overview and Level Annotations

Branches:
Dungeon (1/1)

Altars:
Ashenzari
Cheibriados
Dithmenos
Elyvilon
Fedhas
Gozag
Hepliaklqana
Kikubaaqudgha
Makhleb
Nemelex Xobeh
Okawaru
Qazlal
Ru
Sif Muna
Trog
Uskayaw
Vehumet
Wu Jian
Xom
Yredelemnul
Zin
The Shining One
Beogh
Jiyva
Lugonu


Innate Abilities, Weirdness & Mutations

You are resistant to torment.
Your stone body is resilient. (AC +8)
You are immune to poison.
You resist negative energy. (rN+)
You are resistant to electric shocks. (rElec)
You can survive without breathing.
You are immune to petrification.
You are immune to rotting.


Message History

You block the death cob's attack.
BONNNG!
You block the death cob's attack.
PANG!
The quicksilver dragon bites you but does no damage.
You block the quicksilver dragon's attack.
GONNNNG!
The death cob hits you!!
* * * LOW HITPOINT WARNING * * *
The death cob drains your vigour!
You feel as though you will be slow longer.
The death cob hits you but does no damage.
You block the quicksilver dragon's attack.
SHROANNG!
The quicksilver dragon claws you.
* * * LOW HITPOINT WARNING * * *
The yellow draconian hits you from afar with a +0 glaive!
The Shining One protects you from harm! The death cob hits you.
You die...

▓...[=:[=D..▓...8©8.
▓...........▓....)).
▓...d.......▓...):..
▓..dd.......▓.......
▓....d......▓..)))(.
▓.D.d.X.....▓..|(().
▓.d▓.d...▓..▓...(...
▓..Dzd......▓...(...
▓..@z.©.....▓....©..
▓▓▓▓▓▓▓▓▓▓▓▓▓▓▓▓▓▓▓▓
▓...8©8...▓...8©8...
▓..=).|}..▓....).[..
▓...).)...▓..=.}|...
▓.........▓.........
▓.........▓.........
▓.....)...▓.........
▓...).....▓.........


You could see a storm dragon, a black draconian, a yellow draconian, a green
draconian, 2 draconians, 2 draconians, 2 death cobs, a quicksilver dragon and an
Orb Guardian.

Vanquished Creatures
  Erica (D)
  A vampire mage (D)
  A soul eater (D)
  A cyclops (D)
  3 toenail golems (D)
  A rust devil (D)
  4 jumping spiders (D)
  2 merfolk (D)
  A hornet (D)
  A raiju (D)
  A shadow (D)
  A wraith (D)
  A tarantella (D)
  3 spriggans (D)
  Sigmund (D)
  Edmund (D)
  Duvessa (D)
  A hell hound (D)
  2 black bears (D)
  4 wolves (D)
  5 centaurs (D)
  Blork the orc (D)
  4 earth elementals (D)
  Dowan (D)
  3 scorpions (D)
  3 wights (D)
  2 quasits (D)
  An orc priest (D)
  Crazy Yiuf (D)
  3 iron imps (D)
  Jessica (D)
  2 orc wizards (D)
  A mummy (D)
  2 shadow imps (D)
  An adder skeleton (D)
  An orc (D)
  4 bat skeletons (D)
  A bat zombie (D)
  A ball python zombie (D)
  A giant cockroach zombie (D)
  2 jackal skeletons (D)
  3 leopard gecko skeletons (D)
76 creatures vanquished.

Notes
Turn   | Place    | Note
-------+----------+-------------------------------------------
     0 | D        | Found the +6 Majin-Bo {vamp, Archmagi MP+6 Int+6}
     0 | D        | Found the +7 great mace "Firestarter" {inner flame, rF++}
     0 | D        | erker the Gargoyle Fighter began the quest for the Orb.
     0 | D        | Reached XP level 1. HP: 14/14 MP: 1/1
     3 | D        | Found a blossoming altar of Fedhas.
    17 | D        | Found a viscous altar of Jiyva.
    17 | D        | Found a hazy altar of Hepliaklqana.
    17 | D        | Found a transporter.
    17 | D        | Found an opulent altar of Gozag.
    17 | D        | Found an ancient bone altar of Kikubaaqudgha.
    17 | D        | Found a corrupted altar of Lugonu.
    29 | D        | Found a burning altar of Makhleb.
    30 | D        | Found a sacrificial altar of Ru.
    30 | D        | Found a stormy altar of Qazlal.
    30 | D        | Found a deep blue altar of Sif Muna.
    30 | D        | Found an iron altar of Okawaru.
    30 | D        | Found a bloodstained altar of Trog.
    30 | D        | Found a sparkling altar of Nemelex Xobeh.
    51 | D        | Found the +9 heavy crossbow "Sniper" {velocity, Acc+∞ SInv}
    51 | D        | Found the +10 dark maul {crush}
    51 | D        | Found the +15 Maxwell's patent armour {-Cast -Tele rElec
                  | MR+ rCorr}
    51 | D        | Found the +18 shield of the Gong {rElec rN+ MR+ EV-5}
    51 | D        | Found the cursed +14 obsidian axe {chop, +Fly SInv *Curse}
    53 | D        | Found the +6 shillelagh "Devastator" {shatter}
    53 | D        | Found the +11 plutonium sword {*Contam Stlth-}
    53 | D        | Found the +8 lance "Wyrmbane" {slay drac, rPois rF+ rC+
                  | AC+3}
    53 | D        | Found the +9 sword of Zonguldrok {reap}
    53 | D        | Found the cursed +13 scythe of Curses {drain, *Curse}
    53 | D        | Found the +0 sword of Power
    53 | D        | Found the +7 mace of Variability {chain chaos}
    53 | D        | Found the +7 Singing Sword {slice, sonic wave}
    53 | D        | Found the +7 longbow "Piercer" {penet, EV-2}
    64 | D        | Became a worshipper of the Shining One
    65 | D        | Reached skill level 7 in Axes
    65 | D        | Reached XP level 2. HP: 19/19 MP: 2/2
   103 | D        | Entered arena 2.
   103 | D        | Noticed a jumping spider
   103 | D        | Noticed a scorpion
   103 | D        | Found a transporter.
   108 | D        | Killed a jumping spider
   108 | D        | Reached XP level 3. HP: 24/28 MP: 3/3
   108 | D        | Reached XP level 4. HP: 27/32 MP: 4/4
   108 | D        | Reached XP level 5. HP: 32/37 MP: 5/5
   108 | D        | Reached XP level 6. HP: 38/44 MP: 6/6
   126 | D        | Got the Disquisition on Shifting Weightlessness
   130 | D        | Learned a level 2 spell: Song of Slaying
   236 | D        | Entered arena 3.
   236 | D        | Noticed Sigmund
   236 | D        | Noticed Jessica
   236 | D        | Reached * piety under the Shining One
   236 | D        | Noticed Blork the orc
   236 | D        | Found a transporter.
   242 | D        | Killed Jessica
   244 | D        | Killed Blork the orc
   247 | D        | Killed Sigmund
   247 | D        | Reached skill level 8 in Axes
   247 | D        | Reached XP level 7. HP: 29/50 MP: 7/7
   374 | D        | Entered arena 4.
   374 | D        | Reached ** piety under the Shining One
   374 | D        | Found a transporter.
   375 | D        | Identified the cursed +0 triple crossbow of Wrongful
                  | Imprisonment {flame, +Fly Dex+3}
   379 | D        | Reached skill level 1 in Invocations
   392 | D        | Got the cursed ring "Tokidd" {rF+ rN+ Dex-5 SInv}
   478 | D        | Entered arena 5.
   478 | D        | Reached *** piety under the Shining One
   478 | D        | Noticed a raiju
   478 | D        | Noticed a soul eater
   478 | D        | Reached **** piety under the Shining One
   478 | D        | Found a transporter.
   481 | D        | Killed a raiju
   481 | D        | Reached skill level 9 in Axes
   489 | D        | Killed a soul eater
   489 | D        | Reached skill level 10 in Fighting
   489 | D        | Reached skill level 10 in Axes
   489 | D        | Reached skill level 10 in Shields
   489 | D        | Reached XP level 8. HP: 52/57 MP: 9/11
   512 | D        | Entered arena 6.
   512 | D        | Noticed Crazy Yiuf
   512 | D        | Noticed Dowan
   512 | D        | Noticed Duvessa
   512 | D        | Reached ***** piety under the Shining One
   512 | D        | Noticed Edmund
   512 | D        | Noticed Erica
   512 | D        | Found a transporter.
   515 | D        | Killed Crazy Yiuf
   515 | D        | Killed Dowan
   518 | D        | Killed Edmund
   518 | D        | Reached skill level 1 in Spellcasting
   518 | D        | Reached skill level 1 in Charms
   519 | D        | Killed Erica
   519 | D        | Reached skill level 11 in Axes
   519 | D        | Reached skill level 5 in Invocations
   519 | D        | Reached XP level 9. HP: 63/63 MP: 8/13
   519 | D        | Killed Duvessa
   578 | D        | Entered arena 7.
   578 | D        | Noticed a jumping spider
   578 | D        | Noticed a jumping spider
   578 | D        | Noticed a jumping spider
   584 | D        | Killed a jumping spider
   589 | D        | Reached skill level 12 in Axes
   590 | D        | Killed a jumping spider
   590 | D        | Reached skill level 1 in Dodging
   596 | D        | Killed a jumping spider
   600 | D        | Found a transporter.
   606 | D        | Got the ring of Daffodils {+Blink rPois rF- rC+ Int+6}
   787 | D        | Entered arena 8.
   787 | D        | Reached ****** piety under the Shining One
   788 | D        | Found a transporter.
   794 | D        | Reached XP level 10. HP: 59/69 MP: 15/15
   842 | D        | Entered arena 9.
   842 | D        | Noticed a toenail golem
   842 | D        | Noticed a toenail golem
   842 | D        | Noticed a toenail golem
   845 | D        | Found a transporter.
   852 | D        | Killed a toenail golem
   854 | D        | Killed a toenail golem
   854 | D        | Reached skill level 13 in Axes
   856 | D        | Killed a toenail golem
   859 | D        | Reached skill level 5 in Charms
   885 | D        | Entered arena 10.
   885 | D        | Noticed a cyclops
   887 | D        | Found a transporter.
   895 | D        | Killed a cyclops
   895 | D        | Reached skill level 5 in Spellcasting
   988 | D        | Entered arena 11.
   988 | D        | Noticed a spriggan rider
   995 | D        | Reached skill level 14 in Axes
   997 | D        | Reached XP level 11. HP: 58/74 MP: 16/18
   998 | D        | Found a transporter.
  1034 | D        | Got the Collected Works on Blows and Bruises
  1068 | D        | Entered arena 12.
  1068 | D        | Noticed a vampire mage
  1073 | D        | Noticed a flayed ghost
  1085 | D        | Killed a vampire mage
  1088 | D        | Found a transporter.
  1099 | D        | Got the amulet of Zyozusuk {Inacc rF- rN+++ Dex+4 SInv}
  1101 | D        | Got the ring of Zin's Regard {Str+4 Slay+3}
  1118 | D        | Got the Grimoire of the Sparrow
  1132 | D        | Entered arena 13.
  1134 | D        | Found a transporter.
  1160 | D        | Got the ring "Xeuril Fie" {+Fly Str+2 Slay+2 Stlth+}
  1178 | D        | Entered arena 14.
  1179 | D        | Noticed a yellow draconian
  1179 | D        | Noticed a red draconian
  1179 | D        | Noticed a death cob
  1179 | D        | Noticed a quicksilver dragon
  1179 | D        | Noticed a red draconian
  1179 | D        | Noticed a death cob
  1179 | D        | Noticed a storm dragon
  1182 | D        | Noticed a green draconian
  1183 | D        | Noticed a purple draconian
  1184 | D        | Noticed an Orb Guardian
  1184 | D        | Identified the amulet "Hodihud" {Spirit *Slow Str+2 Dex+3}
  1184 | D        | Noticed a black draconian
  1184 | D        | Identified the +10 morningstar of Drought {flame, Int+3}
  1184 | D        | Noticed a purple draconian
  1186 | D        | HP: 2/76 [quicksilver dragon (5)]
  1186 | D        | The Shining One protects you from harm!
  1186 | D        | Slain by a death cob

Skill      XL: |  1  2  3  4  5  6  7  8  9 10 11 |
---------------+----------------------------------+-----
Axes           | 7 8 10 11 12 14 | 14.8
Fighting       | 6 7 8 10 11 | 11.8
Armour         | 6 8 9 |  9.9
Shields        | 7 8 10 12 | 12.7
Invocations    | 4 5 6 8 9 |  9.1
Spellcasting   | 2 3 5 |  5.1
Charms         | 2 4 5 6 |  6.6
Dodging        | 1 2 |  2.7

Action                   |  1- 3 |  4- 6 |  7- 9 | 10-12 || total
-------------------------+-------+-------+-------+-------++-------
Melee: Broad axe         |     2 |     7 |    42 |    64 ||   115
 Cast: Song of Slaying   |       |       |       |     6 ||     6
Invok: Divine Shield     |       |       |     2 |     2 ||     4
Evoke: Wand              |       |       |     2 |       ||     2
  Use: Potion            |     2 |       |     1 |     1 ||     4
       Scroll            |     1 |       |     1 |       ||     2
  Eat: Chunk             |       |       |       |     3 ||     3
Armor: Scale mail        |       |     3 |    10 |    30 ||    43
Dodge: Dodged            |     1 |       |     6 |    10 ||    17
Block: Shield            |     6 |     7 |    68 |   152 ||   233
